Map: Oceanborn LE

Players

DisReSpeCT

  • Race: Terran Terran
  • Spawn Location: 11:00

Lambo - Winner!

  • Race: Zerg Zerg
  • Spawn Location: 5:00

Event: ESL Spring 2024 Finals

VOD

Have the link to the VOD?

Description

Time

  • Played on: May 31, 2024, 5:23 p.m.
  • Length: 6:17

All games in this series

Show
View Real Time Build Order
Export as new Build Order

DisReSpeCT Terran 

Build Orders: Reaper Expand 

Get SALT Encoding   

  12  0:00  SCV  
  13  0:12  SCV  
  14  0:17  Supply Depot  
  14  0:24  SCV  
  15  0:38  SCV  
  15  0:40  Barracks  
  16  0:43  Refinery  
  16  0:50  SCV  
  17  1:02  SCV  
  18  1:14  SCV  
  19  1:27  Orbital Command, Reaper  
  20  1:38  Command Center  
  20  1:46  Supply Depot  
  20  1:52  SCV  
  21  1:58  Marine  
  22  2:04  SCV  
  23  2:09  Factory  
  23  2:16  Marine  
  23  2:17  SCV  
  25  2:36  Barracks Reactor  
  25  2:38  SCV  
  25  2:50  SCV, Command Center  
  25  2:53  Hellion  
  27  3:01  Starport  
  27  3:02  SCV  
  24  3:15  Marine  
  24  3:17  Hellion  
  27  3:21  SCV  
  28  3:32  Orbital Command  
  28  3:33  SCV  
  29  3:38  Viking  
  31  3:45  SCV  
  31  3:46  Refinery, Hellion  
  36  3:48  Hellion  
  36  3:51  Barracks Tech Lab  
  36  3:58  SCV  
  38  4:05  Orbital Command  
  38  4:07  Orbital Command  
  38  4:08  Hellion  
  39  4:15  SCV  
  40  4:19  Medivac  
  40  4:20  Marauder  
  44  4:27  SCV  
  44  4:31  Hellion  
  47  4:32  Supply Depot  
  47  4:35  Hellion  
  49  4:39  SCV  
  49  4:40  SCV x2  
  52  4:50  Armory  
  52  4:51  SCV  
  52  4:52  SCV, Marauder, Concussive Shells  
  56  4:55  SCV  
  56  4:58  Supply Depot  
  57  5:01  Hellion  
  57  5:04  Hellion  
  57  5:06  SCV  
  62  5:11  Liberator  
  65  5:15  SCV x2  
  69  5:21  Marauder  
  66  5:36  Supply Depot  
  66  5:40  SCV x3, Hellion x2  
  73  5:42  Refinery  
  73  5:43  Refinery  
  73  5:52  SCV x2  
  73  5:53  Marauder  
  73  5:56  Hellion x2  
  77  5:57  SCV  
  78  6:04  SCV x2  
Show
View Real Time Build Order
Export as new Build Order

Lambo Zerg - Winner!

Build Orders: Pool First 

Get SALT Encoding   

  12  0:00  Drone  
  13  0:13  Overlord  
  13  0:16  Drone  
  14  0:31  Drone x2  
  16  0:36  Drone  
  17  0:45  Drone, Extractor  
  17  0:48  Spawning Pool  
  17  0:57  Drone  
  17  1:08  Drone  
  18  1:18  Hatchery  
  17  1:21  Drone  
  18  1:35  Zergling x2, Queen  
  18  1:39  Zergling x2  
  22  1:45  Metabolic Boost  
  22  1:52  Overlord  
  22  2:10  Queen, Zergling x2  
  22  2:12  Zergling x2  
  26  2:25  Hatchery  
  26  2:28  Zergling x2  
  26  2:34  Drone  
  27  2:38  Drone  
  27  2:43  Drone x3  
  31  2:49  Drone  
  32  2:54  Overlord  
  32  2:57  Drone  
  34  2:58  Drone  
  34  3:02  Drone  
  35  3:10  Overlord  
  34  3:14  Drone  
  34  3:18  Queen  
  39  3:20  Drone x2  
  39  3:26  Queen  
  41  3:32  Drone x3  
  44  3:40  Queen  
  46  3:41  Drone x2  
  48  3:48  Drone x3  
  48  3:50  Drone  
  53  3:55  Drone x3  
  53  3:59  Overlord  
  53  4:01  Drone x2  
  57  4:10  Overlord  
  57  4:17  Queen x2, Overlord  
  57  4:18  Drone x2  
  57  4:23  Zergling x4  
  65  4:25  Overlord  
  65  4:29  Overlord  
  65  4:34  Baneling Nest  
  65  4:36  Queen  
  65  4:37  Drone x3  
  69  4:38  Zergling x2  
  69  4:42  Zergling x4  
  69  4:44  Drone  
  73  4:49  Zergling x2  
  73  4:51  Drone x5  
  79  4:53  Drone x2, Extractor  
  79  4:55  Drone  
  79  4:56  Drone  
  79  4:59  Queen  
  81  5:04  Zergling x8  
  87  5:07  Zergling x2  
  87  5:12  Zergling x2  
  89  5:25  Overlord  
  89  5:29  Baneling x2  
  89  5:30  Baneling, Queen  
  89  5:31  Spore Crawler  
  89  5:32  Spore Crawler, Queen  
  89  5:33  Overlord  
  89  5:34  Drone x3  
  89  5:35  Drone  
  90  5:38  Drone  
  90  5:39  Overlord  
  90  5:41  Baneling x2  
  89  5:44  Drone x7  
  96  5:51  Extractor  
  96  5:52  Baneling x2, Extractor  
  96  5:55  Zergling x12  
  100  6:03  Drone x3  
Tags
 
Add a new tag
Caveats
  • Supply blocks, unpowered buildings, or Contaminate may cause inaccurate times.
  • Supply counts are checked every 10 seconds.